 Dungeon Crawl Stone Soup version 0.30-a0-722-g3e6e8c874d (webtiles) character file.

Game seed: 18002914610468072658

4904 jimonade the Covert (level 10, -3/53 HPs)
             Began as a Vine Stalker Brigand on Jan 28, 2023.
             Was a Believer of Ashenzari.
             Slain by an orc warrior
             ... wielding a +0 long sword of electrocution
              (8 damage)
             ... on level 9 of the Dungeon.
             The game lasted 00:23:08 (7055 turns).

jimonade the Covert (Vine Stalker Brigand)          Turns: 7055, Time: 00:23:08

Health: -3/53      AC:  7    Str: 14    XL:     10   Next: 51%
Magic:  0/20       EV: 16    Int: 11    God:    Ashenzari [**....]
Gold:   505        SH:  0    Dex: 23    Spells: 22/22 levels left

rFire   . . .      SeeInvis +    a - +7 dagger "Nioreu" {spect, Dex+3}
rCold   + . .      Faith    .    (no shield)
rNeg    . . .      Spirit   +    o - +0 robe of Ashenzari's Monotheism {Self, Range} (curse)
rPois   .          Reflect  .    M - +2 helmet "Omen of Ashenzari" {Cun, Comp} (curse)
rElec   .          Harm     .    c - +0 cloak "Ruined Fortune-Teller" {Fort, Cun} (curse)
rCorr   .          Rampage  .    (no gloves)
Will    +....                    I - +0 pair of boots
Stlth   ++++++                   K - amulet of regeneration
HPRegen 1.88/turn                m - ring of protection from cold
MPRegen 0.17/turn                (no ring)

@: no status effects
A: fangs 3, regeneration 1, magic shield, antimagic bite, no potion heal 2
a: Renounce Religion, Shatter the Chains


You were on level 9 of the Dungeon.
You worshipped Ashenzari.
Ashenzari was pleased with you.
You visited 2 branches of the dungeon, and saw 10 of its levels.

You collected 505 gold pieces.

Inventory:

Hand Weapons
 a - the +7 dagger "Nioreu" (weapon) {spect, Dex+3}
   (You found it on level 2 of the Dungeon)

   Dex:       It affects your dexterity (+3).
 b - a +2 dagger
 n - a +0 rapier
 u - a +0 quarterstaff
 O - a +1 dagger of chaos
 Q - a +0 flail
 R - a +0 short sword
Missiles
 d - 20 poisoned darts (quivered)
 e - 6 curare-tipped darts
 E - 4 silver javelins
 J - 3 atropa-tipped darts
 P - a throwing net
Armour
 c - the cursed +0 cloak "Ruined Fortune-Teller" (worn) {Fort, Cun}

   It has a curse which improves the following skills: Fortitude: Armour and
   Shields.
   Cunning:   Dodging and Stealth.
 j - a +0 ring mail
 o - the cursed +0 robe of Ashenzari's Monotheism (worn) {Self, Range}

   It has a curse which improves the following skills: Introspection: Fighting
   and Spellcasting.
   Ranged Combat: Ranged Weapons and Throwing.
 w - a +0 leather armour
 C - a +0 kite shield
 I - a +0 pair of boots (worn)
 M - the cursed +2 helmet "Omen of Ashenzari" (worn) {Cun, Comp}
   (You found it on level 8 of the Dungeon)

   It has a curse which improves the following skills: Cunning: Dodging and
   Stealth.
   Companions: Summonings and Necromancy.
Jewellery
 m - a ring of protection from cold (left hand)
 B - an amulet of the acrobat
 G - an amulet of magic regeneration
 K - an amulet of regeneration (around neck)
Wands
 H - a wand of quicksilver (11)
 L - a wand of flame (8)
Scrolls
 h - 4 scrolls of fog
 i - 3 scrolls of immolation
 k - a scroll of amnesia
 v - 3 scrolls of brand weapon
 x - a scroll of silence
 y - 2 scrolls of blinking
 A - 2 scrolls of noise
 F - 4 scrolls of identify
 N - a scroll of teleportation
Potions
 f - 3 potions of haste
 g - a potion of lignification
 l - 2 potions of might
 p - a potion of berserk rage
 q - 2 potions of mutation
 r - 4 potions of attraction
 s - 7 potions of curing
 t - 4 potions of brilliance
 z - 5 potions of flight
 D - a potion of invisibility


   Skills:
 + Level 4.5(5.7) Fighting
 + Level 6.3 Short Blades
 + Level 2.0(3.0) Throwing
 + Level 3.6(5.3) Dodging
 + Level 12.6(14.4) Stealth
 * Level 5.0(6.2) Shields
 * Level 5.2(6.5) Spellcasting


You had 22 spell levels left.
You didn't know any spells.
Your spell library contained the following spells:

 Spells                   Type           Power      Damage    Failure   Level
 Magic Dart               Conj           12%        1d3       19%         1
 Call Imp                 Summ           3%         N/A       26%         2
 Dazzling Flash           Conj/Hex       6%         N/A       50%         3
 Mephitic Cloud           Conj/Pois/Air  3%         N/A       50%         3
 Iskenderun's Mystic Bla  Conj/Tloc      3%         2d3       88%         4
 Freezing Cloud           Conj/Ice/Air   1%         6-21      99%         5
 Simulacrum               Ice/Necr       1%         N/A       100%        6
 Starburst                Conj/Fire      1%         6d3       100%        6
 Polar Vortex             Ice            1%         N/A       100%        9


Dungeon Overview and Level Annotations

Branches:
Dungeon (9/15)             Temple (1/1) D:5             Orc (0/2) D:9
   Lair: D:8-11

Altars:
Ashenzari
Dithmenos
Elyvilon
Gozag
Hepliaklqana
Kikubaaqudgha
Makhleb
Nemelex Xobeh
Okawaru
Qazlal
Ru
Sif Muna
Trog
Uskayaw
Vehumet
Xom
Yredelemnul
Zin
The Shining One

Shops:
D:2 *

Annotations:
D:2 1 runed translucent door, Crazy Yiuf
D:3 exclusion: downstairs


Innate Abilities, Weirdness & Mutations

You have razor-sharp teeth.
Your natural rate of healing is unusually fast.
When hurt, damage is shared between your health and your magic reserves.
Your bite disrupts and absorbs the magic of your enemies.
Potions cannot restore your health.


Message History

The orc warrior completely misses you.
You barely miss the orc warrior. You hit the orc warrior.
You bite the orc warrior, but do no damage.
The orc warrior is lightly wounded.
The orc warrior hits you but does no damage.
You are electrocuted!
You closely miss the orc warrior.
You bite the orc warrior, but do no damage.
The orc warrior is lightly wounded.
The orc warrior hits you with a +0 long sword of electrocution.
You are electrocuted!
You closely miss the orc warrior. Your bite misses the orc warrior.
The orc warrior is lightly wounded.
You barely miss the orc warrior.
You bite the orc warrior, but do no damage.
The orc warrior is lightly wounded.
The orc warrior barely misses you.
You barely miss the orc warrior. You bite the orc warrior. You drain its power.
You feel invigorated.
The orc warrior is lightly wounded.
The orc warrior hits you with a +0 long sword of electrocution!
You are electrocuted!!
You hit the orc warrior but do no damage.
The orc warrior is lightly wounded.
The orc warrior hits you with a +0 long sword of electrocution!
* * * LOW HITPOINT WARNING * * *
You barely miss the orc warrior. You bite the orc warrior! You drain its power.
You feel invigorated.
The orc warrior is heavily wounded.
You hit the orc warrior. Your bite misses the orc warrior.
The orc warrior is heavily wounded.
The orc warrior hits you with a +0 long sword of electrocution!
* * * LOW HITPOINT WARNING * * *
You are electrocuted!
* * * LOW HITPOINT WARNING * * *
You hit the orc warrior but do no damage.
The orc warrior is heavily wounded.
The orc warrior hits you with a +0 long sword of electrocution!
You die... , * ........<..##........# *** ################'##### ## * ..8# ##.# .# Oo.# #..# .# * ,KKT# #.## .## #### Ooo#

##'######## ..# #..# {..8
#.........# ..#
#..###)######.........+ ..#
###.......o@.##.........#
..####.'..#######..'.........#
..go...#.........).#.........#
..######.........###.........#
O.# #.........# ##+########
### #......)..# , #
#.........# * # ####....#####
### #....)..# *


You could see an orc warrior.

Vanquished Creatures
  An ugly thing (D:8)
  A troll (D:9)
  2 hornets
  A steam dragon (D:8)
  An acid dragon (D:8)
  4 orc warriors
  2 sky beasts (D:8)
  An ice beast (D:5)
  A black bear (D:6)
  5 ogres (D:9)
  A centaur (D:6)
  5 kobold brigands
  2 necrophages (D:6)
  3 bullfrogs
  3 gnoll sergeants
  4 scorpions
  5 wights (D:7)
  An electric eel (D:8)
  3 howler monkeys
  A crimson imp (D:8)
  5 hounds
  2 jellies
  4 orc priests
  Natasha (thrice) (D:2)
  6 iguanas
  6 orc wizards
  7 gnolls
  7 adders
  2 shadow imps
  A white imp (D:6)
  29 orcs
  6 ball pythons
  9 endoplasms
  3 giant cockroaches
  3 goblins
  3 hobgoblins
  18 kobolds
  5 bats
  3 frilled lizards
  5 rats
174 creatures vanquished.

Vanquished Creatures (others)
  2 kobolds (D:9)
  A fungus (D:7)
3 creatures vanquished.

Grand Total: 177 creatures vanquished

Notes
Turn   | Place    | Note
-------+----------+-------------------------------------------
     0 | D:1      | jimonade the Vine Stalker Brigand began the quest for the
                  | Orb.
     0 | D:1      | Reached XP level 1. HP: 11/11 MP: 2/2
    22 | D:1      | Reached skill level 5 in Stealth
   150 | D:1      | Reached XP level 2. HP: 13/15 MP: 3/3
   219 | D:1      | Reached XP level 3. HP: 9/18 MP: 2/4
   321 | D:1      | Found a faded altar of an unknown god.
   897 | D:2      | Found Ces Ozum's General Store.
   918 | D:2      | Identified the +7 dagger "Nioreu" {spect, Dex+3}
  1008 | D:2      | Noticed Natasha
  1016 | D:2      | Killed Natasha
  1017 | D:2      | Reached skill level 1 in Dodging
  1017 | D:2      | Reached skill level 6 in Stealth
  1017 | D:2      | Gained mutation: Your natural rate of healing is unusually
                  | fast. [Vine Stalker growth]
  1017 | D:2      | Reached XP level 4. HP: 23/23 MP: 5/5
  1019 | D:2      | Identified the +4 hammer "Spiderbane" {freeze, rC+}
  1023 | D:2      | Found a runed translucent door.
  1024 | D:2      | Noticed Crazy Yiuf
  1129 | D:2      | Noticed Natasha
  1132 | D:2      | Killed Natasha
  1244 | D:2      | Noticed Natasha
  1249 | D:2      | Killed Natasha
  1369 | D:3      | Reached XP level 5. HP: 27/27 MP: 6/6
  1934 | D:4      | Reached skill level 7 in Stealth
  1937 | D:4      | Reached XP level 6. HP: 30/32 MP: 7/7
  2277 | D:4      | Reached skill level 8 in Stealth
  2382 | D:4      | Reached XP level 7. HP: 35/35 MP: 9/9
  2692 | D:5      | Entered Level 5 of the Dungeon
  2805 | D:5      | Found a staircase to the Ecumenical Temple.
  2833 | D:5      | Reached skill level 1 in Shields
  2833 | D:5      | Reached skill level 1 in Spellcasting
  2862 | Temple   | Entered the Ecumenical Temple
  2862 | Temple   | Found a transporter.
  2862 | Temple   | Found a transporter.
  2864 | Temple   | Found a transporter.
  2864 | Temple   | Found a transporter.
  2913 | Temple   | Became a worshipper of Ashenzari the Shackled
  3718 | D:6      | Found a glowing golden altar of the Shining One.
  3880 | D:6      | Reached skill level 9 in Stealth
  3880 | D:6      | Gained mutation: You have razor-sharp teeth. [Vine Stalker
                  | growth]
  3880 | D:6      | Reached XP level 8. HP: 36/40 MP: 12/12
  4304 | D:6      | Reached * piety under Ashenzari
  4438 | D:6      | Reached skill level 10 in Stealth
  4740 | D:7      | Reached XP level 9. HP: 45/45 MP: 16/16
  4783 | D:7      | Found a shadowy altar of Dithmenos.
  4861 | D:7      | Found a stormy altar of Qazlal.
  4861 | D:7      | Found a hide-covered altar of Uskayaw.
  5197 | D:7      | Reached skill level 5 in Short Blades
  5741 | D:7      | Noticed a hornet
  5744 | D:7      | Killed a hornet
  5745 | D:7      | Reached skill level 11 in Stealth
  5872 | D:8      | Noticed a green ugly thing
  5879 | D:8      | Killed a green ugly thing
  5923 | D:8      | Noticed a hornet
  5930 | D:8      | Killed a hornet
  6205 | D:8      | Reached XP level 10. HP: 51/51 MP: 19/19
  6399 | D:8      | Reached skill level 12 in Stealth
  6447 | D:8      | Found a shimmering altar of Xom.
  6447 | D:8      | Found a burning altar of Makhleb.
  6698 | D:9      | Reached ** piety under Ashenzari
  6736 | D:9      | Found a staircase to the Orcish Mines.
  6820 | D:9      | Reached skill level 5 in Spellcasting
  7036 | D:9      | Reached skill level 5 in Shields
  7055 | D:9      | Slain by an orc warrior

Illustrated notes

Levels and vault maps discovered:
D:1:      matt_arrival_diagonals, layout_loops_ring,
          hellmonk_ecumenical_altar_lost_god, minmay_tetromino_t2
D:2:      layout_rooms, serial_shops, shop, uniq_crazy_yiuf_cottage,
          uniq_natasha
D:3:      layout_basic
D:4:      layout_basic, chequers_decorated_corner, kennysheep_opposing_triangles
D:5:      layout_loops_corners, minmay_temple_entry_glass
D:6:      layout_loops_cross, amcnicky_altar_gilded, kennysheep_generic_room_3
D:7:      layout_gridville, mainiacjoe_overflow_chevrons,
          gammafunk_temple_overflow_elements
D:8:      layout_cave_pools, grunt_temple_overflow_champion_of_chaos,
          kennysheep_potato
D:9:      layout_roguey, slow_altar_2, kennysheep_orc_monster_closet_entryway,
          gammafunk_ghost_cemetery, serial_shops, nicolae_shop_hallway_plus,
          lemuel_flamethrower_2
Temple:   hellmonk_temple_divided_pantheon

Skill      XL: |  1  2  3  4  5  6  7  8  9 10 |
---------------+-------------------------------+-----
Stealth        | 5 6 7 8 9 10 11 12 | 12.6
Throwing       | 2 |  2.0
Short Blades   | 2 3 4 5 6 |  6.3
Fighting       | 2 3 4 |  4.5
Dodging        | 1 2 3 |  3.6
Shields        | 2 3 4 5 |  5.0
Spellcasting   | 2 3 4 5 |  5.2

Action                     |  1- 3 |  4- 6 |  7- 9 | 10-12 || total
---------------------------+-------+-------+-------+-------++-------
  Melee: Dagger            |    59 |    77 |   169 |    83 ||   388
         Bite              |    16 |    18 |    48 |    29 ||   111
         Punch             |     1 |       |     4 |     2 ||     7
 Invoke: Curse Item        |       |       |     2 |     1 ||     3
    Use: Scroll            |       |       |     7 |       ||     7
   Stab: Sleeping          |     9 |    11 |    22 |     6 ||    48
         Distracted        |     1 |     1 |     4 |     2 ||     8
 Armour: Robe              |    16 |     6 |    19 |     4 ||    45
  Dodge: Dodged            |    32 |    25 |    83 |    29 ||   169

Table legend: (Time is in decaauts)
 A = Elapsed time spent in this place.
 B = Non-inter-level travel time spent in this place.
 C = Inter-level travel time spent in this place.
 D = Time resting spent in this place.
 E = Time spent auto-exploring this place.
 F = Levels seen in this place.
 G = Mean time per level.
                   A        B        C        D        E       F      G
               +--------+--------+--------+--------+--------+-----+--------+
         Total |   6972 |   6497 |    475 |    448 |   4340 |  10 |  697.2 |
       Dungeon |   6906 |   6472 |    434 |    448 |   4334 |   9 |  767.3 |
        Temple |     66 |     25 |     41 |      0 |      6 |   1 |   66.0 |
               +--------+--------+--------+--------+--------+-----+--------+

Top non-repeatable levels by time:
     D:7: 1251 daAuts
     D:5: 950 daAuts
     D:6: 879 daAuts
     D:4: 855 daAuts
     D:1: 811 daAuts
     D:8: 731 daAuts
     D:3: 510 daAuts
     D:2: 495 daAuts
     D:9: 421 daAuts
  Temple: 66 daAuts
